AoeStats
← 狗药

QS Arena

503605379Analyzed
4v4 RM · 1mo ago on Sep 1, 2026· 30m 50s· 8 players
Game mode
Random Map
Map size
Large (8 player)
Population
200
Speed
Normal
Resources
Standard
Victory
Conquest
Starting age
Dark Age
Ending age
Imperial Age
RankedLock teamsTeams togetherTeam positionsShared explorationLock speedFull tech treeHidden civsTurbo modeCheats
Victory
Defeat
🇨🇳 Gurjaras · China
1035
+16
🇻🇳 Britons · Vietnam
1031
+16
🇺🇸 Franks · United States
1017
+17
🇨🇳 Huns · China
1011
+17
🇫🇷 Japanese · France
1081
-19
🇨🇳 Turks · China
1076
-18
🇲🇽 Franks · Mexico
1050
-17
🇹🇼 Georgians · Taiwan
934
-12
wang_03
8:24 Feudal Age
12:27 Castle Age
11:13 Double-Bit Axe
11:34 Horse Collar
13:43 Bow Saw
15:13 Wheelbarrow
21:23 Hand Cart
22:41 Loom
25:41 Imperial Age
23:51 Fletching
25:16 Heavy Plow
25:09 Gold Mining
25:09 Stone Mining
26:10 Bodkin Arrow
27:32 Two-Man Saw
28:42 Conscription
28:43 Yeomen
29:05 Bracer
30:46 Gold Shaft Mining
32:29 Chemistry
INXS
9:10 Feudal Age
10:32 Double-Bit Axe
13:51 Castle Age
12:02 Horse Collar
15:52 Bow Saw
21:19 Heavy Plow
23:30 Wheelbarrow
23:57 Gold Mining
27:30 Imperial Age
25:39 Hand Cart
25:56 Gold Mining
26:19 Scale Barding Armor
26:25 Forging
26:50 Marauders
27:57 Chain Barding Armor
28:19 Gold Shaft Mining
28:26 Iron Casting
27:34 Elite Tarkan
28:35 Conscription
29:03 Husbandry
29:14 Bloodlines
30:15 Two-Man Saw
29:56 Plate Barding Armor
31:09 Blast Furnace
apple11
1:23 Loom
9:23 Feudal Age
13:09 Castle Age
11:55 Double-Bit Axe
13:04 Horse Collar
18:38 Town Watch
27:16 Bloodlines
29:15 Heavy Plow
32:25 Imperial Age
狗药
8:14 Feudal Age
8:58 Double-Bit Axe
11:55 Castle Age
13:26 Bow Saw
19:37 Wheelbarrow
25:23 Imperial Age
22:39 Loom
22:41 Town Watch
22:57 Gold Mining
23:48 Hand Cart
23:55 Scale Barding Armor
24:48 Gold Shaft Mining
25:19 Chain Barding Armor
25:24 Cavalier
26:05 Husbandry
26:07 Chivalry
26:27 Conscription
26:59 Plate Barding Armor
26:37 Paladin
28:04 Forging
29:42 Iron Casting
31:54 Blast Furnace
Xh4e
2:24 Loom
9:27 Feudal Age
14:05 Castle Age
16:45 Double-Bit Axe
18:36 Bow Saw
19:45 Gold Mining
19:46 Stone Mining
21:37 Wheelbarrow
23:29 Fervor
25:42 Hand Cart
30:32 Imperial Age
28:56 Husbandry
29:10 Forging
29:06 Scale Barding Armor
31:12 Iron Casting
30:57 Chain Barding Armor
佐藤優雪
2:48 Loom
10:50 Feudal Age
14:52 Castle Age
13:26 Double-Bit Axe
15:29 Horse Collar
16:53 Squires
17:00 Light Cavalry
23:28 Bow Saw
23:21 Heavy Plow
24:49 Scale Barding Armor
26:57 Bloodlines
26:48 Husbandry
30:15 Wheelbarrow
30:55 Fortified Wall
Q
4:46 Loom
10:21 Feudal Age
14:25 Castle Age
12:54 Double-Bit Axe
18:53 Gold Mining
24:36 Imperial Age
22:23 Horse Collar
Lizard Bro
2:41 Loom
8:26 Feudal Age
9:26 Double-Bit Axe
12:09 Castle Age
10:25 Horse Collar
14:09 Bow Saw
17:09 Town Watch
23:34 Wheelbarrow
26:59 Imperial Age
25:06 Scale Mail Armor
25:16 Forging
25:06 Elite Skirmisher
27:21 Padded Archer Armor
27:13 Fletching
28:40 Bodkin Arrow
29:01 Leather Archer Armor
29:27 Bracer
Connection lost

Rejoining the realm…

Still unreachable

The connection could not be restored.

Session expired

The server has moved on; the page needs a fresh start.